 Dungeon Crawl Stone Soup version 0.30.0-15-g856e2d3f33 (webtiles) character file.

Game seed: 12917927270874265598

4698 ProzacElf the Fortune-Teller (level 10, -14/63 HPs)
             Began as a Demonspawn Air Elementalist on May 19, 2023.
             Was a Believer of Nemelex Xobeh.
             Demolished by a wyvern (16 damage)
             ... on level 9 of the Dungeon.
             The game lasted 00:28:24 (9779 turns).

ProzacElf the Fortune-Teller (DsAE)                 Turns: 9779, Time: 00:28:25

Health: -14/63     AC:  0    Str: 13    XL:     10   Next: 21%
Magic:  13/15      EV: 12    Int: 22    God:    Nemelex Xobeh [**....]
Gold:   432        SH:  0    Dex: 18    Spells: 3/15 levels left

rFire   . . .        a - +10 falchion of Vuowehi {elec, *Corrode rN+ Int+2}
rCold   . . .        (no shield)
rNeg    + + .        S - +1 leather armour of Beogh's Whim {rPois Dex+2 SInv}
rPois   +            (helmet unavailable)
rElec   +            (no cloak)
rCorr   .            L - +1 pair of gloves
SInv    +            g - +1 pair of boots
Will    +....        (no amulet)
Stlth   +++          p - ring of willpower
HPRegen 0.30/turn    R - ring of the Sun {Fly rElec rN+ Int+4 Dex+2, =R}
MPRegen 0.14/turn

%: corrode self (3%)
@: corroded, flying
A: horns 3, demonic guardian 1, powered by pain 3, hooves 1, low MP 1
a: Renounce Religion, Draw Escape, Draw Destruction, Draw Summoning


You were on level 9 of the Dungeon.
You worshipped Nemelex Xobeh.
Nemelex Xobeh was pleased with you.
You visited 2 branches of the dungeon, and saw 10 of its levels.
You also visited: Sewer.

You collected 432 gold pieces.

Inventory:

Hand Weapons
 a - the +10 falchion of Vuowehi (weapon) {elec, *Corrode rN+ Int+2}
   (You found it on level 7 of the Dungeon)

   Int:       It affects your intelligence (+2).
   rN:        It protects you from negative energy.
   *Corrode:  It may corrode you when you take damage.
 b - a +0 scimitar of flaming
 f - a +4 trident
 l - a +2 dagger of venom
 w - a +0 longbow
 E - a +0 dagger of flaming
 T - the +8 rapier of the Water Diviner {heavy, Drain rF+ rCorr Int+2}
   (You found it on level 5 of the Dungeon)

   Int:       It affects your intelligence (+2).
   rF:        It protects you from fire.
   rCorr:     It protects you from acid and corrosion.
   Drain:     It drains your maximum health when unequipped.
 V - a +0 scimitar
 Y - a +2 great sword
 Z - a +2 war axe of freezing
Missiles
 i - 4 datura-tipped darts
 n - 6 atropa-tipped darts
 q - 21 poisoned darts (quivered)
 r - 2 throwing nets
 B - 11 boomerangs
 J - 2 boomerangs of dispersal
Armour
 c - a +0 ring mail
 g - a +1 pair of boots (worn)
 t - a +0 troll leather armour {Pargi}
 u - an orb of guile
 C - a +0 kite shield
 L - a +1 pair of gloves (worn)
 N - +0 steam dragon scales
 P - a +2 robe of cold resistance
 S - the +1 leather armour of Beogh's Whim (worn) {rPois Dex+2 SInv}
   (You found it on level 7 of the Dungeon)

   Dex:       It affects your dexterity (+2).
   rPois:     It protects you from poison.
   SInv:      It lets you see invisible.
Jewellery
 e - a +6 ring of dexterity
 p - a ring of willpower (left hand)
 M - a ring of magical power
 R - the ring of the Sun (right hand) {Fly rElec rN+ Int+4 Dex+2, =R}
   (You found it on level 7 of the Dungeon)

   [ring of positive energy]

   Int:       It affects your intelligence (+4).
   Dex:       It affects your dexterity (+2).
   rElec:     It insulates you from electricity.
   rN:        It protects you from negative energy.
   Fly:       It grants you flight.
Wands
 h - a wand of quicksilver (11)
 D - a wand of roots (9)
 W - a wand of flame (20)
Scrolls
 d - 7 scrolls of teleportation
 k - a scroll of acquirement
 o - 2 scrolls of silence
 y - 2 scrolls of enchant armour
 z - 2 scrolls of fear
 A - a scroll of immolation
 Q - a scroll of blinking
Potions
 j - a potion of magic
 m - 2 potions of lignification
 s - 2 potions of mutation
 v - 3 potions of curing
 F - 2 potions of heal wounds
 G - 2 potions of haste
 H - a potion of berserk rage
 I - a potion of might
 O - a potion of ambrosia {!e}
 U - a potion of invisibility


   Skills:
 - Level 6.1(7.3) Short Blades
 + Level 6.0(7.2) Long Blades
 - Level 1.7 Dodging
 - Level 5.0 Stealth
 - Level 3.0 Spellcasting
 - Level 5.0 Conjurations
 - Level 5.0 Air Magic
 - Level 10.0 Invocations


You had 3 spell levels left.
You knew the following spells:

 Your Spells              Type           Power      Damage    Failure   Level
a - Shock                 Conj/Air       100%       1d9       1%          1
b - Static Discharge      Conj/Air       50%        2-5/arc   3%          2
c - Airstrike             Air            12%        2d(2-18)  21%         4
d - Searing Ray           Conj           50%        2d6       3%          2
w - Swiftness             Air            25%        N/A       6%          3

Your spell library contained the following spells:

 Spells                   Type           Power      Damage    Failure   Level
 Magic Dart               Conj           100%       1d8       1%          1
 Beastly Appendage        Tmut           6%         N/A       16%         1
 Dazzling Flash           Conj/Hex       28%        N/A       17%         3
 Wereblood                Tmut           3%         N/A       24%         2
 Portal Projectile        Hex/Tloc       6%         N/A       43%         3
 Spider Form              Tmut/Pois      3%         N/A       43%         3
 Tukima's Dance           Hex            3%         N/A       43%         3
 Volatile Blastmotes      Fire/Tloc      6%         2d10      43%         3
 Fulminant Prism          Conj/Hex       7%         3d7       50%         4
 Iskenderun's Mystic Bla  Conj/Tloc      14%        2d5       50%         4
 Summon Lightning Spire   Summ/Air       14%        N/A       50%         4
 Animate Dead             Necr           3%         N/A       83%         4
 Cause Fear               Hex            1%         N/A       83%         4
 Blade Hands              Tmut           1%         N/A       99%         5
 Starburst                Conj/Fire      7%         6d4       100%        6
 Dragon Form              Tmut           1%         N/A       100%        7
 Haunt                    Necr/Summ      1%         N/A       100%        7
 Infestation              Necr           1%         N/A       100%        8
 Dragon's Call            Summ           1%         N/A       100%        9


Dungeon Overview and Level Annotations

Branches:
Dungeon (9/15)             Temple (1/1) D:5           Sewer (visited)
   Lair: D:8-11         Orc: D:9-12

Altars:
Ashenzari
Cheibriados
Dithmenos
Fedhas
Gozag
Kikubaaqudgha
Makhleb
Nemelex Xobeh
Okawaru
Qazlal
Ru
Trog
Uskayaw
Vehumet
Wu Jian
Xom
Yredelemnul

Annotations:
D:3 2 runed translucent doors, pdpol's ghost, amateur MiFi


Innate Abilities, Weirdness & Mutations

You have a pair of large horns on your head.
A weak demonic guardian rushes to your aid.
You are powered by pain.
You have large cloven feet.
Your magical capacity is low. (-10% MP)


Message History

Tha wyvern barely misses ye.
Ye now haf 14/15 mp.
Castin': Shock (safe; 1% risk o' failure) Confirm wit' . or Enter, or press ? or * ta list all spells.
Tha wyvern be struck by an arc o' lightnin'.
Tha wyvern be moderately wounded.
Ye resist.
Ye be struck by an arc o' lightnin'.
Tha wyvern be struck by an arc o' lightnin'.
Tha wyvern be moderately wounded.
Tha lightnin' grounds out.
Tha wyvern bites ye!
Ye focus on tha pain.
Ye feel yer power returnin'.
Yer corrosive artefact corrodes ye!
Ye take 13 damage, an' haf 50/63 hp.
MASSIVE DAMAGE!!
MP restored: 15 Castin': Static Discharge (safe; 3% risk o' failure) Confirm wit' . or Enter, or press ? or * ta list all spells.
Tha wyvern be struck by an arc o' lightnin'.
Tha wyvern be heavily wounded.
Ye resist.
Ye be struck by an arc o' lightnin'.
Tha wyvern bites ye!
Ye focus on tha pain.
Ye feel yer power returnin'.
Yer corrosive artefact corrodes ye!
Tha wyvern barely misses ye.
Ye take 9 damage, an' haf 41/63 hp.
Castin': Static Discharge (safe; 3% risk o' failure) Confirm wit' . or Enter, or press ? or * ta list all spells.
Tha wyvern be struck by an arc o' lightnin'.
Tha wyvern be severely wounded.
Ye resist.
Ye be struck by an arc o' lightnin'.
Tha wyvern be struck by an arc o' lightnin'.
Tha wyvern be severely wounded.
Tha lightnin' grounds out.
Tha centaur wields a +0 shortbow.
Tha centaur shoots an arrow.
Tha arrow hits ye!
Tha wyvern bites ye!!
* * * LOW HITPOINT WARNIN'
* * * A demonic guardian appears!
Ye take 30 damage, an' haf 11/63 hp.
MASSIVE DAMAGE!!
Ye now haf 13/15 mp.
Tha wyvern bites ye.
* * * LOW HITPOINT WARNIN'
* * * Tha centaur shoots an arrow.
Tha arrow hits ye!
* * * LOW HITPOINT WARNIN'
* * * Tha wyvern bites ye!
Ye die...
Yer body disappears without a glow.

...................
#..................
...................
...................
...........$.......
....c..............
.......)..........
........l........
........@.5.....
................
................
................
#............?>.
##..............
##.............
##............


You could see a wyvern (ally target), a centaur and a friendly iron imp
(summoned).

Vanquished Creatures
  Pikel (D:7)
  Grinder (D:4)
  Prince Ribbit (D:7)
  A hornet (D:8)
  3 vampire mosquitoes (D:8)
  A steam dragon (D:7)
  An orc warrior (D:8)
  Pargi (Sewer)
  2 black bears
  3 ogres
  2 centaurs
  A lemure (D:7)
  A phantom (D:4)
  Blork the orc (D:5)
  3 bullfrogs
  10 wights (D:8)
  A howler monkey (D:9)
  3 hounds
  5 orc priests
  A jelly (D:5)
  A gnoll bouda (D:5)
  A sleepcap (D:7)
  5 iguanas
  3 orc wizards
  3 river rats (D:6)
  15 adders
  9 gnolls
  A shadow imp (D:8)
  3 white imps
  An ufetubus (D:5)
  A worm (D:6)
  A dart slug (D:2)
  31 orcs
  10 ball pythons
  7 endoplasms
  A giant cockroach (D:3)
  18 hobgoblins
  8 kobolds
  4 quokkas
  3 bats (D:3)
  10 frilled lizards
  10 goblins
  8 rats
197 creatures vanquished.

Vanquished Creatures (collateral kills)
  Erica (D:8)
1 creature vanquished.

Grand Total: 198 creatures vanquished

Notes
Turn   | Place    | Note
-------+----------+-------------------------------------------
     0 | D:1      | ProzacElf the Demonspawn Air Elementalist began the quest
                  | for the Orb.
     0 | D:1      | Reached XP level 1. HP: 13/13 MP: 3/3
   236 | D:1      | Gained mutation: You sometimes gain a little power by
                  | taking damage. [demonic ancestry]
   236 | D:1      | Reached XP level 2. HP: 19/19 MP: 3/5
   283 | D:1      | Learned a level 2 spell: Static Discharge
  1032 | D:1      | Reached XP level 3. HP: 24/24 MP: 3/6
  1600 | D:2      | Learned a level 3 spell: Swiftness
  1937 | D:2      | Reached XP level 4. HP: 26/30 MP: 0/8
  2595 | D:3      | Gained mutation: You have a pair of small horns on your
                  | head. [demonic ancestry]
  2595 | D:3      | Reached XP level 5. HP: 25/35 MP: 2/9
  3146 | D:3      | Found a large runed translucent door.
  3146 | D:3      | Found a large runed translucent door.
  3147 | D:3      | Noticed pdpol's ghost (amateur MiFi)
  3314 | D:4      | Noticed a phantom
  3321 | D:4      | Killed a phantom
  3335 | D:4      | Noticed an ogre
  3523 | D:4      | Gained mutation: You have a pair of horns on your head.
                  | [demonic ancestry]
  3523 | D:4      | Reached XP level 6. HP: 31/41 MP: 6/10
  3689 | D:4      | Noticed Grinder
  3701 | D:4      | Gained mutation: Your magical capacity is low. (-10% MP)
                  | [potion of mutation]
  3701 | D:4      | Gained mutation: You have large cloven feet. [potion of
                  | mutation]
  3705 | D:4      | Paralysed by Grinder for 4 turns
  3714 | D:4      | Killed Grinder
  3715 | D:4      | Gained mutation: You have a pair of large horns on your
                  | head. [demonic ancestry]
  3715 | D:4      | Reached XP level 7. HP: 14/46 MP: 0/10
  3905 | D:4      | Found an ornate altar of the Wu Jian Council.
  3971 | D:4      | Learned a level 4 spell: Airstrike
  4557 | D:4      | Reached skill level 5 in Air Magic
  4720 | D:4      | Found an iron altar of Okawaru.
  4832 | D:5      | Entered Level 5 of the Dungeon
  4862 | D:5      | Reached skill level 5 in Stealth
  4862 | D:5      | Identified the +8 rapier of the Water Diviner {heavy, Drain
                  | rF+ rCorr Int+2}
  5068 | D:5      | Found a staircase to the Ecumenical Temple.
  5081 | Temple   | Entered the Ecumenical Temple
  5114 | Temple   | Became a worshipper of Nemelex Xobeh the Trickster
  5121 | Temple   | Learned a level 2 spell: Searing Ray
  5287 | D:5      | Reached skill level 1 in Short Blades
  5287 | D:5      | Reached skill level 5 in Conjurations
  5287 | D:5      | Reached skill level 1 in Invocations
  5350 | D:5      | Reached skill level 2 in Invocations
  5350 | D:5      | Gained mutation: You sometimes gain power by taking damage.
                  | [demonic ancestry]
  5350 | D:5      | Reached XP level 8. HP: 33/52 MP: 11/11
  5360 | D:5      | Reached skill level 3 in Invocations
  5552 | D:5      | Noticed Blork the orc
  5559 | D:5      | Killed Blork the orc
  5651 | D:5      | Reached skill level 4 in Invocations
  5856 | D:5      | Identified a scroll of acquirement
  6122 | D:6      | Reached skill level 5 in Invocations
  6317 | D:6      | Found a basalt altar of Yredelemnul.
  6334 | D:6      | Reached * piety under Nemelex Xobeh
  6379 | D:6      | Found a glowing drain.
  6432 | Sewer    | Entered a sewer
  6491 | Sewer    | Noticed Pargi
  6500 | Sewer    | Killed Pargi
  6890 | D:6      | Reached skill level 6 in Invocations
  6961 | D:6      | Received a gift from Nemelex Xobeh
  7254 | D:7      | HP: 1/52 [/static electricity (4)]
  7701 | D:7      | Reached skill level 5 in Short Blades
  7701 | D:7      | Reached skill level 7 in Invocations
  7701 | D:7      | Gained mutation: You are powered by pain. [demonic
                  | ancestry]
  7701 | D:7      | Reached XP level 9. HP: 54/57 MP: 7/12
  7706 | D:7      | Noticed Pikel
  7716 | D:7      | Killed Pikel
  7717 | D:7      | Reached skill level 8 in Invocations
  7887 | D:7      | Identified the ring of the Sun {Fly rElec rN+ Int+4 Dex+2}
  7916 | D:7      | Noticed Prince Ribbit
  7927 | D:7      | Killed Prince Ribbit
  8081 | D:7      | Identified the +1 leather armour of Beogh's Whim {rPois
                  | Dex+2 SInv}
  8246 | D:7      | Identified the +10 falchion of Vuowehi {elec, *Corrode rN+
                  | Int+2}
  8361 | D:8      | Reached skill level 1 in Long Blades
  8361 | D:8      | Reached skill level 9 in Invocations
  8543 | D:8      | Found a broken altar of Ashenzari.
  8544 | D:8      | Found a radiant altar of Vehumet.
  8544 | D:8      | Found a hide-covered altar of Uskayaw.
  8565 | D:8      | Received a gift from Nemelex Xobeh
  8671 | D:8      | Reached ** piety under Nemelex Xobeh
  8823 | D:8      | Found a snail-covered altar of Cheibriados.
  8922 | D:8      | Reached skill level 10 in Invocations
  9242 | D:8      | Gained mutation: A weak demonic guardian rushes to your
                  | aid. [demonic ancestry]
  9242 | D:8      | Reached XP level 10. HP: 63/63 MP: 9/15
  9576 | D:9      | Found the +7 staff of the Meek {protect, meekguard}
  9579 | D:9      | Noticed a skeletal warrior
  9586 | D:9      | Reached skill level 5 in Long Blades
  9587 | D:9      | Noticed Erica
  9602 | D:8      | Killed Erica
  9779 | D:9      | HP: 2/63 [centaur/arrow (9)]
  9779 | D:9      | Demolished by a wyvern

Illustrated notes

Levels and vault maps discovered:
D:1:      psy_arrival_radial01, layout_basic, minmay_octomino_e4
D:2:      layout_basic, minmay_stone_trees_medium
D:3:      layout_basic, ebering_ghost_disaster_area
D:4:      layout_loops_ring, okawaru_altar_gauntlet_db,
          nicolae_overflow_crystal_walls, serial_bayou, serial_bayou_pond_d,
          serial_bayou_pond_e, serial_bayou_ford_a, serial_bayou_pond_b,
          uniq_grinder
D:5:      layout_cave_pools, minmay_temple_entry_statues, uniq_blork_the_orc
D:6:      layout_rooms, kennysheep_ying_yang, portal_sewer_entry_e, hex_tiny
D:7:      wander_river, layout_loops_cross, uniq_prince_ribbit1, uniq_pikel
D:8:      layout_loops_ring, chequers_temple_overflow_statue_of_worship,
          mainiacjoe_overflow_alcove_2
D:9:      layout_basic, nicolae_overflow_hidden_temple,
          gammafunk_ghost_abyssal_escape, uniq_erica
Temple:   nicolae_temple_ecumenical_triangle

Skill      XL: |  1  2  3  4  5  6  7  8  9 10 |
---------------+-------------------------------+-----
Stealth        | 2 3 4 5 |  5.0
Air Magic      | 3 4 5 |  5.0
Conjurations   | 2 3 4 5 |  5.0
Spellcasting   | 3 |  3.0
Short Blades   | 1 5 6 |  6.1
Invocations    | 2 7 10 | 10.0
Long Blades    | 4 6 |  6.0
Dodging        | |  1.7

Action                     |  1- 3 |  4- 6 |  7- 9 | 10-12 || total
---------------------------+-------+-------+-------+-------++-------
  Melee: Dagger            |    12 |    63 |    24 |       ||    99
         Punch             |     1 |     1 |     1 |       ||     3
         Headbutt          |       |     7 |    19 |       ||    26
         Rapier            |       |       |    49 |       ||    49
         Falchion          |       |       |    40 |       ||    40
  Throw: Dart              |       |       |     4 |       ||     4
   Cast: Shock             |    50 |    50 |   159 |    17 ||   276
         Static Discharge  |     7 |    18 |    45 |     9 ||    79
  Evoke: Wand              |       |     1 |       |       ||     1
    Use: Potion            |       |     7 |     2 |     1 ||    10
         Scroll            |       |       |    14 |       ||    14
   Stab: Sleeping          |     2 |     5 |     2 |       ||     9
 Armour: Robe              |     5 |    11 |    14 |       ||    30
         Skin              |       |     9 |     4 |       ||    13
         Troll leather arm |       |       |    17 |       ||    17
         Leather armour    |       |       |     7 |       ||     7
  Dodge: Dodged            |    11 |    45 |   109 |     5 ||   170

Action                     |  1- 3 |  4- 6 |  7- 9 | 10-12 || total
---------------------------+-------+-------+-------+-------++-------
  Melee: Dagger            |    12 |    63 |    24 |       ||    99
         Punch             |     1 |     1 |     1 |       ||     3
         Headbutt          |       |     7 |    19 |       ||    26
         Rapier            |       |       |    49 |       ||    49
         Falchion          |       |       |    40 |       ||    40
  Throw: Dart              |       |       |     4 |       ||     4
   Cast: Shock             |    50 |    50 |   159 |    17 ||   276
         Static Discharge  |     7 |    18 |    45 |     9 ||    79
  Evoke: Wand              |       |     1 |       |       ||     1
    Use: Potion            |       |     7 |     2 |     1 ||    10
         Scroll            |       |       |    14 |       ||    14
   Stab: Sleeping          |     2 |     5 |     2 |       ||     9
 Armour: Robe              |     5 |    11 |    14 |       ||    30
         Skin              |       |     9 |     4 |       ||    13
         Troll leather arm |       |       |    17 |       ||    17
         Leather armour    |       |       |     7 |       ||     7
  Dodge: Dodged            |    11 |    45 |   109 |     5 ||   170

Levels and vault maps discovered:
D:1:      psy_arrival_radial01, layout_basic, minmay_octomino_e4
D:2:      layout_basic, minmay_stone_trees_medium
D:3:      layout_basic, ebering_ghost_disaster_area
D:4:      layout_loops_ring, okawaru_altar_gauntlet_db,
          nicolae_overflow_crystal_walls, serial_bayou, serial_bayou_pond_d,
          serial_bayou_pond_e, serial_bayou_ford_a, serial_bayou_pond_b,
          uniq_grinder
D:5:      layout_cave_pools, minmay_temple_entry_statues, uniq_blork_the_orc
D:6:      layout_rooms, kennysheep_ying_yang, portal_sewer_entry_e, hex_tiny
D:7:      wander_river, layout_loops_cross, uniq_prince_ribbit1, uniq_pikel
D:8:      layout_loops_ring, chequers_temple_overflow_statue_of_worship,
          mainiacjoe_overflow_alcove_2
D:9:      layout_basic, nicolae_overflow_hidden_temple,
          gammafunk_ghost_abyssal_escape, uniq_erica
Temple:   nicolae_temple_ecumenical_triangle
